 Dungeon Crawl Stone Soup version 0.31-a0-217-g58bb5d79cf (webtiles) character file.

Game seed: 10220720896891791417

77 qw the Shooter (level 4, -5/36 HPs)
             Began as a Minotaur Hexslinger on July 2, 2023.
             Slain by an ogre
             ... wielding a +0 giant club
              (23 damage)
             ... on level 3 of the Dungeon.
             The game lasted 00:00:38 (2149 turns).

qw the Shooter (Minotaur Hexslinger)                Turns: 2149, Time: 00:00:38

Health: -5/36      AC:  5    Str: 13    XL:     4   Next: 13%
Magic:  4/4        EV: 11    Int: 10    God:
Gold:   146        SH:  0    Dex: 14    Spells: 4/5 levels left

rFire   . . .        Y - +1 sling (flame)
rCold   . . .        (no shield)
rNeg    . . .        i - +0 ring mail
rPois   .            (helmet restricted)
rElec   .            (no cloak)
rCorr   .            (no gloves)
SInv    .            (no boots)
Will    .....        c - amulet of regeneration
Stlth   +            (no ring)
HPRegen 1.06/turn    (no ring)
MPRegen 0.09/turn

%: no passive effects
@: no status effects
A: horns 2, retaliatory headbutt
a: no special abilities


You were on level 3 of the Dungeon.
You visited 1 branch of the dungeon, and saw 3 of its levels.

You collected 146 gold pieces.


Innate Abilities, Weirdness & Mutations

You have a pair of horns on your head.
You reflexively headbutt those who attack you in melee.


   Skills:
 - Level 2.0 Fighting
 + Level 4.4 Ranged Weapons
 - Level 1.1 Armour
 - Level 2.1 Dodging
 - Level 1.0 Spellcasting
 - Level 2.0 Hexes


You had 4 spell levels left.
You knew the following spells:

 Your Spells              Type           Power      Damage    Failure   Level
a - Slow                  Hex            16%        N/A       32%         1

Your spell library contained the following spells:

 Spells                   Type           Power      Damage    Failure   Level
 Inner Flame              Hex/Fire       2%         N/A       82%         3
 Portal Projectile        Hex/Tloc       4%         N/A       82%         3
 Cause Fear               Hex            2%         N/A       97%         4

Inventory:

Hand Weapons
 Y - a +1 sling of flaming (weapon)
Armour
 i - a +0 ring mail (worn)
Jewellery
 c - an amulet of regeneration (around neck)
Scrolls
 a - a scroll of identify
 h - a scroll of teleportation {unknown}
Potions
 b - a potion of curing
 d - a potion of attraction {unknown}
 e - a potion of heal wounds {unknown}
 f - a potion of degeneration {unknown}
 g - 2 potions of lignification {unknown}
 j - a potion of enlightenment {unknown}
 k - a potion of berserk rage {unknown}

Dungeon Overview and Level Annotations

Branches:
Dungeon (3/15)

Altars:
Dithmenos
Kikubaaqudgha
Nemelex Xobeh


Message History

The sling bullet burns the goblin.
You kill the goblin!
The goblin hits you but does no damage. x2
You shoot a sling bullet.
The sling bullet closely misses the goblin.
The sling bullet hits the goblin.
The sling bullet burns the goblin.
You kill the goblin!
The goblin hits you with a +0 club.
You shoot a sling bullet. The sling bullet hits the goblin.
The sling bullet burns the goblin.
You kill the goblin!
You shoot a sling bullet.
The sling bullet completely misses the goblin.
The sling bullet hits the goblin.
The sling bullet burns the goblin.
You kill the goblin!
The goblin barely misses you. You furiously retaliate!
You headbutt the goblin.
You kill the goblin!
You shoot a sling bullet. The sling bullet hits the ogre.
The sling bullet burns the ogre.
The ogre is moderately wounded.
The ogre hits you with a +0 giant club!!
Ouch! That really hurt!
You shoot a sling bullet. The sling bullet hits the ogre.
The sling bullet burns the ogre.
The ogre is moderately wounded.
The ogre barely misses you. You furiously retaliate!
You headbutt the ogre, but do no damage.
You shoot a sling bullet. The sling bullet hits the ogre!
The sling bullet burns the ogre.
The ogre is severely wounded.
You shoot a sling bullet. The sling bullet hits the ogre.
The sling bullet burns the ogre.
The ogre is almost dead.
The ogre hits you but does no damage.
You shoot a sling bullet.
The sling bullet hits the ogre but does no damage.
The ogre is almost dead.
The ogre hits you with a +0 giant club!!
Ouch! That really hurt!
You die...

............##
#####...).....
#...>.#####
#.....##..#####
####.###.##(..#
#.###.##.(.#
#......#.g.
######.##O#
#..)@# ######


You could see an ogre and a goblin.

Vanquished Creatures
  An adder (D:3)
  A worm (D:3)
  A dart slug (D:1)
  An orc (D:3)
  6 endoplasms
  A giant cockroach (D:1)
  3 hobgoblins
  6 jackals
  8 kobolds
  3 quokkas
  6 ball pythons
  A bat (D:3)
  A frilled lizard (D:1)
  10 goblins
  9 rats
58 creatures vanquished.

Notes
Turn   | Place    | Note
-------+----------+-------------------------------------------
     0 | D:1      | qw the Minotaur Hexslinger began the quest for the Orb.
     0 | D:1      | Reached XP level 1. HP: 16/16 MP: 1/1
     0 | D:1      | 0 ||| qw: Version: 0.3-a-40-ge99b1a8
     0 | D:1      | 0 ||| qw: Game counter: 23
     0 | D:1      | 0 ||| qw: Melee chars always use a shield: true
     0 | D:1      | 0 ||| qw: God list: Okawaru
     0 | D:1      | 0 ||| qw: Allow faded altars: false
     0 | D:1      | 0 ||| qw: Do Orc after clearing Dungeon:15 true
     0 | D:1      | 0 ||| qw: Do second Lair branch before Depths: true
     0 | D:1      | 0 ||| qw: Lair rune preference: random
     0 | D:1      | 0 ||| qw: Goals: Normal
     0 | D:1      | 0 ||| PLANNING D:1-11
   142 | D:1      | Reached skill level 3 in Ranged Weapons
   142 | D:1      | Reached XP level 2. HP: 23/23 MP: 2/2
   532 | D:1      | Found a faded altar of an unknown god.
   872 | D:1      | 872 ||| UPGRADING to +0 leather armour.
   882 | D:1      | 882 ||| DROPPING +0 robe.
   883 | D:1      | 883 ||| UPGRADING to +0 ring mail.
   893 | D:1      | 893 ||| DROPPING +0 leather armour.
   894 | D:1      | 894 ||| READING scroll labelled YQUGITUSHRO.
   895 | D:1      | 895 ||| READING scroll labelled UHUFAPS WULLO.
   896 | D:1      | 896 ||| DROPPING scroll of poison.
   926 | D:2      | Reached XP level 3. HP: 29/29 MP: 3/3
  1498 | D:2      | Reached skill level 4 in Ranged Weapons
  1772 | D:2      | 1772 ||| UPGRADING to amulet of regeneration.
  1777 | D:2      | 1777 ||| READING scroll labelled SORCHO UMUINORGH.
  1778 | D:2      | 1778 ||| DRINKING 2 dark potions.
  1865 | D:3      | HP: 5/29 [worm (9)]
  1868 | D:3      | Reached skill level 1 in Armour
  2089 | D:3      | Found an ancient bone altar of Kikubaaqudgha.
  2090 | D:3      | Found a shadowy altar of Dithmenos.
  2116 | D:3      | Found a sparkling altar of Nemelex Xobeh.
  2137 | D:3      | Noticed an ogre
  2139 | D:3      | Reached XP level 4. HP: 36/36 MP: 4/4
  2149 | D:3      | Slain by an ogre

Levels and vault maps discovered:
D:1:      dpeg_arrival_rooms_b, layout_basic, ebering_ecumenical_altar_webs
D:2:      layout_basic
D:3:      layout_loops_ring, nemelex_xobeh_ov_fountains_minmay,
          nicolae_overflow_squiral, corexii_shack,
          chequers_serial_rivers_small_b, minmay_ogre_servants

Skill      XL: |  1  2  3 |
---------------+----------+-----
Ranged Weapons | 3 4 |  4.4
Fighting       | 2 |  2.0
Armour         | 1 |  1.1
Dodging        | |  2.1
Spellcasting   | |  1.0
Hexes          | |  2.0

Action                     |  1- 3 |  4- 6 || total
---------------------------+-------+-------++-------
   Fire: Sling             |   132 |    11 ||   143
    Use: Scroll            |     3 |       ||     3
         Potion            |     1 |       ||     1
 Armour: Robe              |     6 |       ||     6
         Ring mail         |    15 |     3 ||    18
  Dodge: Dodged            |    26 |     2 ||    28

Table legend:
 A = Non-vault XP
 B = Vault XP
 C = Vault XP percentage of total XP
 D = Non-vault monster count
 E = Vault monster count
 F = Vault count percentage of total count
                 A         B        C        D         E       F
            +---------+---------+-------+---------+---------+-------
      Total |      93 |      17 |  15.5 |      50 |       8 |  13.8
            +---------+---------+-------+---------+---------+-------
        D:1 |      40 |       0 |   0.0 |      24 |       0 |   0.0
        D:2 |      25 |       0 |   0.0 |      16 |       0 |   0.0
        D:3 |      28 |      17 |  37.8 |      10 |       8 |  44.4
            +---------+---------+-------+---------+---------+-------
